 Dungeon Crawl Stone Soup version 0.27-a0-1137-g3ef0f4ec91 (webtiles) character file.

Game seed: 7178970034176420707

132 kae the Slasher (level 4, -1/35 HPs)
             Began as a Demonspawn Abyssal Knight on May 6, 2021.
             Was a Believer of Lugonu.
             Succumbed to a scorpion's poison
             ... on level 3 of the Dungeon.
             The game lasted 00:01:35 (3257 turns).

kae the Slasher (Demonspawn Abyssal Knight)         Turns: 3257, Time: 00:01:36

Health: -1/35      AC:  3    Str: 14    XL:     4   Next: 92%
Magic:  5/5        EV: 11    Int: 13    God:    Lugonu [**....]
Gold:   78         SH:  0    Dex: 12    Spells: 3/3 levels left

rFire    . . .     SeeInvis .   a - +1 falchion
rCold    . . .     Faith    .   (no shield)
rNeg     . . .     Spirit   .   b - +0 leather armour
rPois    .         Reflect  .   (helmet restricted)
rElec    .         Harm     .   (no cloak)
rCorr    .         Rampage  .   (no gloves)
Will     .....                  (no boots)
Stlth    +.........             (no amulet)
HPRegen  0.11/turn              (no ring)
MPRegen  0.09/turn              (no ring)

@: lethally poisoned (-1 -> -12)
A: horns 2, foul stench 1
a: Renounce Religion, Depart the Abyss, Bend Space


You were on level 3 of the Dungeon.
You worshipped Lugonu.
Lugonu was pleased with you.
You visited 1 branch of the dungeon, and saw 3 of its levels.
You visited the Abyss 1 time.

You collected 78 gold pieces.

Inventory:

Hand Weapons
 a - a +1 falchion (weapon)
Armour
 b - a +0 leather armour (worn)
Scrolls
 e - 3 scrolls of magic mapping
Potions
 c - a potion of haste {unknown}
 d - a potion of lignification


   Skills:
 - Level 3.0 Fighting
 + Level 4.7 Long Blades
 - Level 1.7 Armour
 - Level 0.8 Dodging
 - Level 2.4 Invocations


You had 3 spell levels left.
You didn't know any spells.
Your spell library contained the following spells:

 Spells                   Type           Power      Damage    Failure   Level
 Corona                   Hex            0%         N/A       36%         1
 Slow                     Hex            0%         N/A       50%         2
 Inner Flame              Hex/Fire       0%         N/A       75%         3
 Portal Projectile        Hex/Tloc       0%         N/A       75%         3
 Cause Fear               Hex            0%         N/A       98%         4
 Leda's Liquefaction      Hex/Erth       0%         N/A       98%         4


Dungeon Overview and Level Annotations

Branches:
Dungeon (3/15)

Altars:
Sif Muna

Shops:
D:1 ?=   D:3 (

Annotations:
D:2 1 runed translucent door, Crazy Yiuf


Innate Abilities, Weirdness & Mutations

You have a pair of horns on your head.
You may rarely emit foul miasma when damaged in melee.


Message History

You hit the hobgoblin but do no damage. You headbutt the hobgoblin.
You kill the hobgoblin!
Lugonu accepts your kill.
You see here a hobgoblin corpse.
A scorpion comes into view.
The scorpion stings you.
You barely miss the scorpion. The scorpion stings you!
A scorpion is nearby!
You closely miss the scorpion. The scorpion stings you.
You are too injured to fight recklessly!
A scorpion is nearby!
You are too injured to fight recklessly!
You are too injured to fight recklessly!
A scorpion is nearby!
You are too injured to fight recklessly!
You are too injured to fight recklessly!
You are too injured to fight recklessly!
You are too injured to fight recklessly!
You closely miss the scorpion. Your headbutt misses the scorpion.
The scorpion barely misses you.
You hit the scorpion. You headbutt the scorpion.
The scorpion is heavily wounded.
The scorpion barely misses you.
The scorpion stings you but does no damage.
You hit the scorpion but do no damage.
The scorpion is heavily wounded.
The scorpion stings you!
You closely miss the scorpion.
The scorpion is heavily wounded.
The scorpion closely misses you.
You hit the scorpion but do no damage.
The scorpion is heavily wounded.
The scorpion stings you.
* * * LOW HITPOINT WARNING * * *
You are lethally poisoned!
The scorpion poisons you! The scorpion stings you.
* * * LOW HITPOINT WARNING * * *
You hit the scorpion. You headbutt the scorpion.
The scorpion is almost dead.
You die...

..,,,,,* *,,********
##****,* *,,*
*,**###**,** *,,,,...,,*
*****##.###*
*********,.....##
*,,,,,,,,,,,....#
*>******,,*,*#s.#
**,******,.#.##.@########
,,,,,,,,,...............#
,*,,,,,**..#.##..######.#
,,,,,,,**,..,,#..# #.#
**,,,..**.,,,....# #.#
,*,,#.#**,*,..#### #.#
,,*....,,,*#.#* #.####
,*..#.#****#.* #....#
##....# #.# #....#


You could see a scorpion.

Vanquished Creatures
  A hound (D:3)
  3 adders
  3 worms
  5 dart slugs
  8 endoplasms
  3 giant cockroaches (D:2)
  6 goblins
  5 hobgoblins
  5 quokkas
  A ball python (D:1)
  2 bats (D:1)
  4 frilled lizards
  6 kobolds
  2 rats (D:2)
54 creatures vanquished.

Vanquished Creatures (others)
  3 plants (D:3)
3 creatures vanquished.

Grand Total: 57 creatures vanquished

Notes
Turn   | Place    | Note
-------+----------+-------------------------------------------
     0 | Abyss:1  | kae the Demonspawn Abyssal Knight began the quest for the
                  | Orb.
     0 | Abyss:1  | Reached XP level 1. HP: 18/18 MP: 2/2
    32 | Abyss:1  | Noticed an ice dragon simulacrum
    38 | D:1      | Escaped the Abyss
    85 | D:1      | Reached skill level 2 in Long Blades
   167 | D:1      | Reached * piety under Lugonu
   180 | D:1      | Gained mutation: You have a pair of small horns on your
                  | head. [demonic ancestry]
   180 | D:1      | Reached XP level 2. HP: 24/24 MP: 3/3
   199 | D:1      | Found Peqijoug's Jewellery Boutique.
   527 | D:1      | Found Tevueq's Magic Scroll Boutique.
   553 | D:1      | Reached skill level 3 in Long Blades
   816 | D:1      | Found a faded altar of an unknown god.
   862 | D:1      | Gained mutation: You have a pair of horns on your head.
                  | [demonic ancestry]
   862 | D:1      | Reached XP level 3. HP: 22/29 MP: 4/4
  1370 | D:2      | HP: 1/29 [kobold/+0 short sword (4)]
  2066 | D:2      | Found a shimmering blue altar of Sif Muna.
  2226 | D:2      | Reached skill level 4 in Long Blades
  2226 | D:2      | Gained mutation: You may rarely emit foul miasma when
                  | damaged in melee. [demonic ancestry]
  2226 | D:2      | Reached XP level 4. HP: 35/35 MP: 5/5
  2292 | D:2      | Reached ** piety under Lugonu
  2562 | D:2      | Found a runed translucent door.
  2563 | D:2      | Noticed Crazy Yiuf
  3161 | D:3      | Found Xilaw's Weapon Emporium.
  3248 | D:3      | Noticed a scorpion
  3257 | D:3      | Succumbed to a scorpion's poison

Illustrated notes

Levels and vault maps discovered:
D:1:      dpeg_arrival_more_subterranean_lakeside_camping, layout_rooms,
          shapermc_ecumenical_altar_mp_highgroup, serial_shops,
          nicolae_shop_statue_plus, nicolae_shop_competitors_out_of_business,
          minmay_misc_feat_alley, chequers_serial_rivers_micro_e
D:2:      layout_rooms, basic_altar, minmay_tetromino_t4,
          uniq_crazy_yiuf_cottage
D:3:      layout_loops_corners, serial_shops, shop_fountains,
          serial_bayou_pond_c, minmay_distorted

Skill      XL: |  1  2  3 |
---------------+----------+-----
Long Blades    | 2 3 4 |  4.7
Fighting       | |  3.0
Armour         | |  1.7
Dodging        | |  0.8
Invocations    | |  2.4

Action                   |  1- 3 |  4- 6 || total
-------------------------+-------+-------++-------
Melee: Falchion          |   100 |    71 ||   171
       Headbutt          |    13 |    10 ||    23
Invok: Depart the Abyss  |     1 |       ||     1
  Use: Scroll            |       |     7 ||     7
 Stab: Sleeping          |     1 |       ||     1
Armor: Leather armour    |    27 |    13 ||    40
Dodge: Dodged            |    68 |    36 ||   104
       Rpst.: Falchion   |    20 |     8 ||    28

Table legend: (Time is in decaauts)
 A = Elapsed time spent in this place.
 B = Non-inter-level travel time spent in this place.
 C = Inter-level travel time spent in this place.
 D = Time resting spent in this place.
 E = Time spent auto-exploring this place.
 F = Levels seen in this place.
 G = Mean time per level.
                   A        B        C        D        E       F      G
               +--------+--------+--------+--------+--------+-----+--------+
         Total |   3282 |   3253 |     29 |    781 |   2084 |   4 |  820.5 |
       Dungeon |   3244 |   3215 |     29 |    781 |   2052 |   3 | 1081.3 |
         Abyss |     38 |     38 |      0 |      0 |     32 |   1 |   38.0 |
               +--------+--------+--------+--------+--------+-----+--------+

Top non-repeatable levels by time:
     D:1: 1539 daAuts
     D:2: 1032 daAuts
     D:3: 672 daAuts
 Abyss:1: 38 daAuts
